 Dungeon Crawl Stone Soup version 0.22.1-1-ga44c0e5 (webtiles) character file.

39 geeseburger the Insei (level 3, 0/26 HPs)
             Began as a Demonspawn Transmuter on Oct 17, 2018.
             Was an Initiate of Wu Jian.
             Slain by Natasha (4 damage)
             ... on level 2 of the Dungeon.
             The game lasted 00:04:18 (1621 turns).

geeseburger the Insei (Demonspawn Transmuter)       Turns: 1621, Time: 00:04:19

Health: 0/26       AC:  3    Str: 10    XL:     3   Next: 26%
Magic:  4/6        EV: 12    Int: 14    God:    Wu Jian [......]
Gold:   77         SH:  0    Dex: 14    Spells: 3/6 levels left

rFire    . . .     SeeInvis .     - Unarmed
rCold    . . .     Gourm    .   (no shield)
rNeg     . . .     Faith    .   b - +1 robe
rPois    .         Spirit   .   (no helmet)
rElec    .         Reflect  .   (no cloak)
rCorr    .         Harm     .   (no gloves)
MR       .....                  (no boots)
Stlth    +.........             (no amulet)
HPRegen  0.08/turn              (no ring)
MPRegen  0.10/turn              (no ring)

@: appendage
A: horns 2, talons 1
a: End Transformation, Renounce Religion


You were on level 2 of the Dungeon.
You worshipped Wu Jian.
Wu Jian was noncommittal.
You were not hungry.
You had grown temporary horns.
You visited 1 branch of the dungeon, and saw 2 of its levels.

You collected 77 gold pieces.

Inventory:

Missiles
 a - 10 arrows
Armour
 b - a +1 robe (worn)
 f - a +0 leather armour
Scrolls
 c - a scroll of identify
 e - a scroll of teleportation
Potions
 g - 2 potions of might {unknown}
 h - a potion of cancellation {unknown}
 j - a potion of curing {unknown}
Comestibles
 d - 4 rations


   Skills:
 + Level 1.6 Fighting
 + Level 2.1 Dodging
 + Level 3.0 Unarmed Combat
 + Level 2.3 Spellcasting
 + Level 2.1 Transmutations


You had 3 spell levels left.
You knew the following spells:

 Your Spells              Type           Power        Failure   Level  Hunger
a - Beastly Appendage     Tmut           #.....       10%         1    #......
b - Sticks to Snakes      Tmut           #.......     14%         2    ###....

Your spell library contained the following spells:

 Spells                   Type           Power        Failure   Level  Hunger
 Spider Form              Tmut/Pois      #.........   41%         3    ###....
 Ice Form                 Ice/Tmut       #.......     82%         4    #####..
 Blade Hands              Tmut           #.........   95%         5    ######.


Dungeon Overview and Level Annotations

Branches:
Dungeon (2/15)

Altars:
Wu Jian
The Shining One

Annotations:
D:2 Natasha


Innate Abilities, Weirdness & Mutations

You have sharp toenails.
You have a pair of horns on your head.


Message History

You hit Natasha but do no damage. Your kick misses Natasha.
Natasha is lightly wounded.
Natasha stares at you and mumbles some strange words.
The magic dart hits you!
You completely miss Natasha. Your kick misses Natasha.
Natasha is lightly wounded.
Natasha claws you.
* * * LOW HITPOINT WARNING * * *
You miss Natasha.
Natasha is lightly wounded.
Natasha closely misses you.
You closely miss Natasha.
Natasha is lightly wounded.
Natasha casts a spell at you. You resist with significant effort.
You hit Natasha but do no damage.
Natasha is lightly wounded.
Natasha claws you but does no damage. Natasha claws you.
You die...

######### ########
#.......# #......#
#....####S# #......#
... #h# #......# .
###@########......##
#>..................
#...................
#.#.########......##
#.#.# #......# #.#..
#......# # #..
######## #.. #.


You could see Natasha and an adder.

Vanquished Creatures
  An adder (D:2)
  3 dart slugs
  6 bats
  A giant cockroach (D:1)
  2 goblins (D:1)
  4 jackals (D:1)
  A frilled lizard (D:2)
  5 rats
23 creatures vanquished.

Notes
Turn   | Place    | Note
-------+----------+-------------------------------------------
     0 | D:1      | geeseburger the Demonspawn Transmuter began the quest for
                  | the Orb.
     0 | D:1      | Reached XP level 1. HP: 15/15 MP: 3/3
     1 | D:1      | Noticed an electric eel
   212 | D:1      | Gained mutation: You have sharp toenails. [demonic
                  | ancestry]
   212 | D:1      | Reached XP level 2. HP: 18/21 MP: 5/5
  1145 | D:1      | Learned a level 2 spell: Sticks to Snakes
  1336 | D:2      | Found a glowing golden altar of the Shining One.
  1346 | D:2      | Found an ornate altar of the Wu Jian Council.
  1350 | D:2      | Became a worshipper of the Wu Jian Council
  1438 | D:2      | Reached skill level 3 in Unarmed Combat
  1438 | D:2      | Reached XP level 3. HP: 23/26 MP: 6/6
  1606 | D:2      | Noticed Natasha
  1621 | D:2      | Slain by Natasha

Skill      XL: |  1  2 |
---------------+-------+-----
Transmutations | 2 |  2.1
Dodging        | 2 |  2.1
Unarmed Combat | 3 |  3.0
Fighting       | |  1.6
Spellcasting   | |  2.3

Action                   || total
-------------------------++-------
Melee: Unarmed           ||    79
       Punch             ||     1
       Kick              ||     9
       Headbutt          ||     1
 Cast: Beastly Appendage ||     5
       Sticks to Snakes  ||     2
Invok: Lunge             ||     5
  Use: Scroll            ||     5
  Eat: Ration            ||     1
Armor: Robe              ||    32
Dodge: Dodged            ||    49
